 Dungeon Crawl Stone Soup version 0.16-a0-4112-g89a4107 (webtiles) character file.

9705 grisnicke the Martial Artist (level 11, -2/95 HPs)
             Began as a Pale Draconian Transmuter on Feb 21, 2015.
             Was a Priest of Fedhas.
             Slain by a freezing wraith (22 damage)
             ... on level 11 of the Dungeon on Feb 27, 2015.
             The game lasted 01:46:49 (16172 turns).

grisnicke the Martial Artist (DrTm)                Turns: 16172, Time: 01:46:50

Health: -2/95      AC: 12    Str: 16    XL:     11   Next: 26%
Magic:  17/17      EV: 16    Int: 14    God:    Fedhas [***...]
Gold:   561        SH:  0    Dex: 14    Spells: 4 memorised, 4 levels left

rFire  . . .     SeeInvis .       - Unarmed
rCold  . . .     Clarity  +     (armour unavailable)
rNeg   . . .     SustAb   .     (no shield)
rPois  +         Gourm    .     (helmet restricted)
rElec  .         Spirit   .     (no cloak)
rCorr  .         Warding  .     J - +1 pair of gloves
rMut   .         Stasis   .     y - +2 pair of boots
MR     +....                    Q - amulet of clarity (curse)
Stlth  +.........               A - +3 ring of strength
                                u - ring of poison resistance

@: short of breath, very slightly contaminated, hasted and slowed, somewhat
resistant to hostile enchantments, very unstealthy
A: breathe steam, unfitting armour, magic resistance 1, cold-blooded, AC +7
a: Breathe Steam, Evolution, Sunlight, Growth, Renounce Religion


You were on level 11 of the Dungeon.
You worshipped Fedhas.
Fedhas was most pleased with you.
You were not hungry.

You visited 1 branch of the dungeon, and saw 11 of its levels.

You collected 636 gold pieces.
You spent 75 gold pieces at shops.

Inventory:

Hand weapons
 b - a +1 blowgun
 M - a +0 hunting sling
Missiles
 e - 5 curare-tipped needles
 h - 105 poisoned needles
 l - 113 arrows
 n - 240 stones (quivered)
 E - 5 arrows of flame
 H - 25 sling bullets of frost
 K - 5 steel tomahawks
 L - 2 tomahawks of returning
 O - 17 sling bullets
 S - 15 tomahawks
Armour
 y - a +2 pair of boots (worn)
 J - a +1 pair of gloves (worn)
Jewellery
 k - an uncursed ring of positive energy
 o - a +4 ring of intelligence
 u - a ring of poison resistance (left hand)
 A - a +3 ring of strength (right hand)
 Q - a cursed amulet of clarity (around neck)
Magical devices
 x - a wand of slowing (30)
 C - a wand of flame (23)
 P - a wand of frost (19)
 V - a wand of teleportation (4)
Scrolls
 f - a scroll of amnesia
 g - a scroll of summoning {unknown}
 r - a scroll of magic mapping
 t - 3 scrolls of blinking
 w - 2 scrolls of enchant armour
 B - a scroll of teleportation
 N - 2 scrolls of remove curse
 U - a scroll of recharging {unknown}
Potions
 c - 2 potions of heal wounds
 i - 5 potions of curing
 j - 2 potions of brilliance
 m - 3 potions of magic
 p - a potion of lignification
 q - a potion of haste
 s - 3 potions of might
 D - a potion of cancellation
 F - a potion of flight {unknown}
 G - 2 potions of agility
 R - a potion of berserk rage {unknown}
 X - a potion of restore abilities {unknown}
Books
 d - a book of Changes

   Spells                             Type                      Level
   a - Beastly Appendage              Transmutation                1
   b - Sticks to Snakes               Transmutation                2
   c - Spider Form                    Transmutation/Poison         3
   d - Ice Form                       Ice/Transmutation            4
   e - Blade Hands                    Transmutation                5
 z - a book of the Warp

   Spells                             Type                      Level
   a - Recall                         Summoning/Translocation      3
   b - Control Teleport               Charms/Translocation         4
   c - Force Lance                    Conjuration/Translocation    4
   d - Phase Shift                    Translocation                5
   e - Warp Weapon                    Charms/Translocation         5
   f - Gell's Gravitas                Hexes/Translocation          5
   g - Summon Forest                  Summoning/Translocation      5
Miscellaneous
 T - a lamp of fire
Comestibles
 a - 12 bread rations
 v - a meat ration
 I - a fruit


   Skills:
 + Level 8.3 Fighting
 - Level 6.7 Dodging
 - Level 11.2 Unarmed Combat
 - Level 2.0 Spellcasting
 + Level 8.8 Transmutations
 - Level 4.0 Ice Magic


You had 4 spell levels left.
You knew the following spells:

 Your Spells              Type           Power        Failure   Level  Hunger
a - Beastly Appendage     Trmt           ####..       1%          1    ##.....
b - Sticks to Snakes      Trmt           ####......   1%          2    ###....
c - Spider Form           Trmt/Pois      ##........   14%         3    ####...
d - Ice Form              Ice/Trmt       ###.....     21%         4    #####..


Dungeon Overview and Level Annotations

Branches:
Dungeon (11/15)            Temple (0/1) D:7
   Lair: D:8-11         Orc: D:9-12

Altars:
Ashenzari
Cheibriados
Elyvilon
Fedhas
Gozag
Makhleb
Qazlal
Sif Muna
Xom
The Shining One

Shops:
D:6 *   D:10 (

Annotations:
D:10 exclusion: troll


Innate Abilities, Weirdness & Mutations

You can breathe blasts of scalding steam.
Your pale cyan-grey scales are hard (AC +7).
Your body does not fit into most forms of armour.
Your cold-blooded metabolism reacts poorly to cold.
You are resistant to hostile enchantments.


Message History

Drink which item? (? for menu, Esc to quit)
You feel much better.
The freezing wraith completely misses you. x2
The freezing wraith closely misses you. The freezing wraith barely misses you.
Drink which item? (? for menu, Esc to quit)
You feel yourself speed up.
You feel yourself speed up.
The freezing wraith hits you but does no damage.
The freezing wraith hits you.
* * * LOW HITPOINT WARNING * * *
The freezing wraith drains your vigour!
You feel yourself slow down.
* * * LOW HITPOINT WARNING * * *
You are very lightly contaminated with residual magic.
You punch the freezing wraith!
The freezing wraith is heavily damaged.
The freezing wraith hits you.
* * * LOW HITPOINT WARNING * * *
The freezing wraith freezes you!!
You die...
Fedhas appreciates your contribution to the ecosystem.

##.#.## #.#..##
#.##<.## #.###..#
##.# ##.# #..# ###
#.## #.# #@####
#W#.. #.#.# ##.#.#
. . #.(..# C. (.
#.)..##.... ...
#.....##...#####.(.
#####..#....).$....
##.##.........#


You could see a freezing wraith.

Vanquished Creatures
  A centaur warrior (D:10)
  2 hill giants
  An ugly thing (D:10)
  A komodo dragon (D:11)
  A two-headed ogre (D:10)
  A trapdoor spider zombie (D:10)
  2 deep elf magi (D:10)
  A shadow (D:11)
  4 yaks (D:9)
  2 hippogriffs
  A phantom (D:5)
  A mottled dragon (D:6)
  3 orc warriors
  A sky beast (D:7)
  7 ice beasts
  A black bear (D:7)
  2 ogres
  7 giant frogs
  2 big kobolds (D:5)
  9 centaurs
  A wyvern zombie (D:7)
  4 killer bees (D:10)
  5 wights
  A giant frog zombie (D:10)
  2 quasits
  2 crimson imps
  3 orc priests
  A gnoll shaman (D:3)
  A giant frog skeleton (D:10)
  5 hounds
  2 centaur skeletons
  6 orc wizards
  3 iguanas
  3 worker ants
  2 hound skeletons
  13 gnolls
  4 shadow imps
  10 adders
  3 giant mites
  2 worms
  6 giant geckos
  An ooze (D:2)
  31 orcs
  2 bat skeletons
  3 giant cockroaches
  21 hobgoblins
  4 jackals (D:8)
  50 kobolds
  3 quokkas
  22 bats
  6 giant newts
  21 goblins
  14 rats
  A plant (D:5)
308 creatures vanquished.

Vanquished Creatures (collateral kills)
  A hill giant (D:10)
  A two-headed ogre (D:9)
  A deep elf mage (D:9)
  A yak (D:9)
  2 wyverns
  A necrophage (D:9)
  An orc warrior (D:10)
  A sky beast (D:6)
  A phantom (D:7)
  A killer bee (D:10)
  5 wights
  2 orc priests
  A quasit (D:5)
  A giant frog skeleton (D:4)
  An orc wizard (D:10)
  A worker ant (D:2)
  4 gnolls
  4 adders
  An adder zombie (D:7)
  An adder skeleton (D:9)
  15 orcs
  A bat (D:10)
  2 hobgoblins (D:6)
  5 kobolds (D:5)
  A quokka (D:6)
  A quokka skeleton (D:9)
57 creatures vanquished.

Vanquished Creatures (others)
  A giant spore (D:7)
  A rat (D:7)
  6 wandering mushrooms
  A ballistomycete (D:7)
  2 plants (D:11)
  152 toadstools
163 creatures vanquished.

Grand Total: 528 creatures vanquished

Notes
Turn   | Place    | Note
--------------------------------------------------------------
     0 | D:1      | grisnicke, the Draconian Transmuter, began the quest for the Orb.
     0 | D:1      | Reached XP level 1. HP: 16/16 MP: 3/3
   252 | D:1      | Reached XP level 2. HP: 20/23 MP: 2/4
   410 | D:1      | Reached skill level 4 in Unarmed Combat
   850 | D:2      | Reached XP level 3. HP: 26/28 MP: 4/6
   867 | D:2      | Learned a level 2 spell: Sticks to Snakes
  1217 | D:2      | Found a white marble altar of Elyvilon.
  1650 | D:2      | Reached skill level 5 in Unarmed Combat
  1650 | D:2      | Reached XP level 4. HP: 28/35 MP: 1/7
  1899 | D:3      | Noticed an ice beast
  2867 | D:3      | Killed an ice beast
  2867 | D:3      | Reached skill level 6 in Unarmed Combat
  2867 | D:3      | Reached XP level 5. HP: 40/40 MP: 2/9
  3353 | D:3      | Reached XP level 6. HP: 24/47 MP: 5/10
  3602 | D:4      | Reached skill level 7 in Unarmed Combat
  3812 | D:4      | Learned a level 3 spell: Spider Form
  4995 | D:5      | Entered Level 5 of the Dungeon
  5177 | D:5      | Your scales start fading to a pale cyan-grey colour.
  5177 | D:5      | Reached XP level 7. HP: 48/57 MP: 4/12
  5850 | D:5      | Found a blossoming altar of Fedhas.
  5888 | D:5      | Became a worshipper of Fedhas Madash
  6108 | D:5      | Found a deep blue altar of Sif Muna.
  6422 | D:5      | Reached skill level 8 in Unarmed Combat
  6755 | D:5      | Acquired Fedhas' first power
  6898 | D:5      | Reached XP level 8. HP: 66/66 MP: 13/13
  6908 | D:5      | Learned a level 4 spell: Ice Form
  7436 | D:6      | Acquired Fedhas' second power
  7621 | D:6      | Found a burning altar of Makhleb.
  7622 | D:6      | Found Pruip's Evil Emporium.
  7645 | D:6      | Bought a scroll of torment for 75 gold pieces
  7717 | D:6      | Reached skill level 1 in Ice Magic
  9048 | D:6      | Reached skill level 9 in Unarmed Combat
  9099 | D:7      | Reached skill level 5 in Fighting
  9457 | D:7      | Upgraded the game from 0.16-a0-4072-gc5a8185 to 0.16-a0-4112-g89a4107
  9539 | D:7      | Found a staircase to the Ecumenical Temple.
  9641 | D:7      | Reached XP level 9. HP: 72/78 MP: 14/14
  9806 | D:7      | Found a stormy altar of Qazlal.
 10510 | D:8      | Found a shimmering altar of Xom.
 10516 | D:8      | Found a glowing golden altar of the Shining One.
 10528 | D:8      | Found an opulent altar of Gozag.
 10592 | D:8      | Found a burning altar of Makhleb.
 10671 | D:8      | Reached skill level 5 in Transmutations
 10860 | D:8      | Reached skill level 5 in Dodging
 11464 | D:8      | Acquired Fedhas' third power
 12262 | D:9      | Reached XP level 10. HP: 86/86 MP: 16/16
 12278 | D:9      | Found a deep blue altar of Sif Muna.
 12491 | D:9      | Gained mutation: You are resistant to hostile enchantments. [potion of beneficial mutation]
 12769 | D:9      | Found a shattered altar of Ashenzari.
 12769 | D:9      | Found a snail-covered altar of Cheibriados.
 13123 | D:10     | Entered Level 10 of the Dungeon
 13388 | D:10     | Noticed a centaur warrior
 13410 | D:10     | Killed a centaur warrior
 13410 | D:10     | Reached skill level 10 in Unarmed Combat
 14185 | D:10     | Noticed a white ugly thing
 14368 | D:10     | Noticed a hill giant
 14506 | D:10     | Killed a hill giant
 14636 | D:10     | Killed a white ugly thing
 14636 | D:10     | Reached skill level 11 in Unarmed Combat
 14925 | D:10     | Found Gauqu's Antique Weapon Boutique.
 14945 | D:10     | Reached XP level 11. HP: 85/92 MP: 17/17
 15138 | D:10     | Noticed a hill giant
 15162 | D:10     | Killed a hill giant
 15768 | D:11     | Noticed a hill giant
 15920 | D:11     | Killed a hill giant
 16172 | D:11     | Slain by a freezing wraith

Action                   |  1- 3 |  4- 6 |  7- 9 | 10-12 || total
-------------------------+-------+-------+-------+-------++-------
Melee: Unarmed           |   109 |   168 |   384 |   247 ||   908
 Fire: Hunting sling     |       |    93 |   141 |       ||   234
       Blowgun           |       |       |    72 |   105 ||   177
Throw: Stone             |    44 |    12 |    42 |    23 ||   121
 Cast: Beastly Appendage |     7 |     3 |     4 |     2 ||    16
       Sticks to Snakes  |     5 |    30 |    43 |    26 ||   104
       Spider Form       |       |       |       |     1 ||     1
Invok: Evolution         |       |       |     4 |     2 ||     6
 Abil: Breathe Steam     |       |       |    24 |     7 ||    31
       End Transformatio |       |       |     1 |     1 ||     2
  Use: Scroll            |     1 |     6 |     5 |    13 ||    25
       Potion            |       |       |     2 |     3 ||     5
 Stab: Distracted        |       |       |     4 |     6 ||    10
       Sleeping          |       |       |     1 |     1 ||     2
       Confused          |       |       |     2 |       ||     2
       Betrayed ally     |       |       |       |     1 ||     1
  Eat: Chunk             |     3 |    13 |    12 |    11 ||    39
       Beef jerky        |       |       |     3 |       ||     3
       Royal jelly       |       |       |     1 |       ||     1
       Pizza             |       |       |     2 |     1 ||     3
       Meat ration       |       |       |     1 |     1 ||     2
